Connexion

Crunch vs Wolf Pack

Created - 16 février 2024 at 07:48

Goals
1 2 3 T
Crunch 0 3 1 4
Wolf Pack 2 1 0 3
Shots
1 2 3 T
Crunch 9 12 10 31
Wolf Pack 12 16 10 38

GoalsPenalties
1st period
1. Wolf Pack , Nick Lappin 17 (Cole Bardreau 29, Henri Ikonen 17) at 5:05
2. Wolf Pack , Jeremy Bracco 24 (Joe Thornton 40, Luke Witkowski 26) at 16:33
Jaycob Megna (SYR) for Tripping (Minor) at 0:40
2nd period
3. Crunch , Jean-Christophe Beaudin 27 (Luke Prokop 4, Blaine Byron 42) at 11:59
4. Crunch , Mike Vecchione 27 (Jean-Christophe Beaudin 28, Blaine Byron 43) at 13:12
5. Crunch , Axel Andersson 7 (Blaine Byron 44, Mike Vecchione 22) at 18:11
6. Wolf Pack , Jeremy Bracco 25 (Tyler Wotherspoon 28, Joe Thornton 41) at 18:19
Jean-Christophe Beaudin (SYR) for Hooking (Minor) at 2:58
3rd period
7. Crunch , Mason Shaw 24 (Thomas Tynan 48, Nicolas Aube-Kubel 10) at 15:16
Cole Bardreau (HAR) for Tripping (Minor) at 2:33
Cole Bardreau (HAR) for Holding (Minor) at 9:19
Paul Bittner (SYR) for Hooking (Minor) at 15:18
Luke Prokop (SYR) for Slashing (Minor) at 18:47
Goalie Stats
Tyler Parsons (SYR), 35 saves from 38 shots - (0,921), W, 6-0-3, 60:00 minutes
Mads Sogaard (HAR), 27 saves from 31 shots - (0,871), L, 24-26-4, 59:01 minutes
3 StarsOfficial
1 - Mike Vecchione (SYR)
2 - Blaine Byron (SYR)
3 - Jean-Christophe Beaudin (SYR)
Referees : Ghislain Hebert and Marcus Vinnerberg
Linesman : Tony Sericolo and Lyle Seitz
Game Note
No Game Note
Finance
Level 1 -- Attendance: 1814 (90,70%) -- Ticket Income $63,490
Level 2 -- Attendance: 1000 (100,00%) -- Ticket Income $15,000
Total Attendance: 2814 (93,80%)
Total Ticket Income: $78,490
Other Income: $15,698
Total Income: $94,188



Team Name Goals Shots Shots Attemp Shots Blocked PIM HIT PP PK FO%
Crunch 4317278210 / 2 (0%)053%
Wolf Pack 33873114260 / 4 (0%)047%

Crunch
Player Name POS G A P +/- PIM HIT SHT SB MP PP MP PP SHT PK MP PK SHT FO% FOT
Aaron LuchukC000000206:120:0000:00040% 5
Austin StrandD000-1031024:351:3313:3700% 0
Axel AnderssonD1010002120:061:4813:3200% 0
Blaine ByronC/LW0333011016:191:2800:00050% 2
Blake McLaughlinC/LW000000006:120:0000:0000% 1
Garnet HathawayRW000001406:490:3700:000100% 1
Jaycob MegnaD000-1210123:341:3302:3700% 0
Jean-Christophe BeaudinC/RW1123223018:051:2801:4700% 0
Kody ClarkRW0000012011:470:3700:0000% 0
Luke ProkopD0112230216:060:3700:4800% 0
Mason ShawC/LW101-2005018:331:5300:0000% 0
Mike VecchioneC/RW1123025018:471:2812:28062% 29
Nicolas Aube-KubelRW011-2022023:141:5314:410100% 1
Patrick HarperC/LW0000002011:510:0000:41038% 16
Paul BittnerLW0000230011:460:3700:0000% 0
Thomas TynanC011-2002023:141:5304:41055% 31
Vojtech BudikD0002000015:310:3700:1200% 0
Xavier BouchardD0000020320:061:4803:3200% 0
Wolf Pack
Player Name POS G A P +/- PIM HIT SHT SB MP PP MP PP SHT PK MP PK SHT FO% FOT
Brad RichardsonC/LW/RW000-2034021:253:1610:3900% 1
Cole BardreauC/RW0110422011:090:0000:00053% 15
Daniel WalcottD000-3032020:443:5311:5200% 0
Dave GustRW000-2002022:393:1611:530100% 1
Emile PoirierLW/RW000001008:080:0001:080100% 1
Henri IkonenC/LW0110031011:110:0000:00050% 2
Jeremy BraccoLW/RW2021005017:233:5310:1800% 0
Joe ThorntonC0221001017:433:5300:38050% 26
Kyle WoodD0001070214:210:0000:3500% 0
Luke WitkowskiRW0111026017:443:5310:39050% 2
Matt DonovanD0001022025:093:1611:4500% 0
Michael KaplaD0001001313:580:0000:1200% 0
Nick LappinC/RW1010004111:110:0000:0000% 0
Santerri SaariD000-3002220:453:5321:5300% 0
Shane BowersC/RW000000107:420:0000:42044% 9
Ty RonningRW000000107:000:0000:0000% 0
Tyler WotherspoonD0111013225:033:1621:3900% 0
Zac Dalpe C/LW/RW000-2021122:453:1601:59038% 29



Play-by-Play

1st period


0:01 of 1st period - Zac Dalpe wins face-off versus Thomas Tynan in neutral zone.
0:34 of 1st period - Shot by Zac Dalpe .
0:34 of 1st period - Shot Misses the Net.
0:39 of 1st period - Icing by Austin Strand.
0:40 of 1st period - Joe Thornton wins face-off versus Thomas Tynan in Crunch zone.
0:40 of 1st period - Minor Penalty to Jaycob Megna for Tripping.
0:41 of 1st period - Nicolas Aube-Kubel wins face-off versus Joe Thornton in Crunch zone.
1:02 of 1st period - Shot by Santerri Saari.
1:02 of 1st period - Stopped by Tyler Parsons without a rebound.
1:03 of 1st period - Thomas Tynan wins face-off versus Zac Dalpe in Crunch zone.
1:18 of 1st period - Shot by Dave Gust.
1:18 of 1st period - Shot Misses the Net.
1:30 of 1st period - Shot by Matt Donovan.
1:30 of 1st period - Shot Misses the Net.
1:32 of 1st period - Shot by Brad Richardson.
1:32 of 1st period - Stopped by Tyler Parsons with a rebound.
2:02 of 1st period - Shot by Jeremy Bracco.
2:02 of 1st period - Stopped by Tyler Parsons without a rebound.
2:03 of 1st period - Mike Vecchione wins face-off versus Joe Thornton in Crunch zone.
2:03 of 1st period - Mike Vecchione is hit by Luke Witkowski.
2:25 of 1st period - Shot by Santerri Saari.
2:25 of 1st period - Shot Hit the Post.
2:27 of 1st period - Shot by Santerri Saari.
2:27 of 1st period - Stopped by Tyler Parsons without a rebound.
2:28 of 1st period - Thomas Tynan wins face-off versus Zac Dalpe in Crunch zone.
2:53 of 1st period - Shot by Patrick Harper.
2:53 of 1st period - Stopped by Mads Sogaard without a rebound.
2:54 of 1st period - Mike Vecchione wins face-off versus Shane Bowers in Wolf Pack zone.
3:03 of 1st period - Shot by Mike Vecchione.
3:03 of 1st period - Stopped by Mads Sogaard without a rebound.
3:04 of 1st period - Joe Thornton wins face-off versus Patrick Harper in Wolf Pack zone.
3:14 of 1st period - Shot by Kody Clark.
3:14 of 1st period - Stopped by Mads Sogaard without a rebound.
3:15 of 1st period - Mike Vecchione wins face-off versus Zac Dalpe in Wolf Pack zone.
3:23 of 1st period - Mike Vecchione is hit by Daniel Walcott and loses puck.
3:33 of 1st period - Santerri Saari is hit by Mike Vecchione and loses puck.
3:41 of 1st period - Dave Gust is hit by Xavier Bouchard and loses puck.
4:57 of 1st period - Shot by Cole Bardreau.
4:57 of 1st period - Shot Hit the Post.
5:05 of 1st period - Shot by Cole Bardreau.
5:05 of 1st period - Deflect By Nick Lappin.
5:05 of 1st period - Goal by Nick Lappin - Crunch : 0 - Wolf Pack : 1.
5:06 of 1st period - Patrick Harper wins face-off versus Shane Bowers in neutral zone.
5:12 of 1st period - Icing by Ty Ronning.
5:13 of 1st period - Shane Bowers wins face-off versus Aaron Luchuk in Wolf Pack zone.
5:30 of 1st period - Off-side.
5:31 of 1st period - Thomas Tynan wins face-off versus Zac Dalpe in neutral zone.
5:47 of 1st period - Shot by Mason Shaw.
5:47 of 1st period - Shot Misses the Net.
6:03 of 1st period - Shot by Mason Shaw.
6:03 of 1st period - Shot Blocked by Santerri Saari.
6:05 of 1st period - Shot by Nicolas Aube-Kubel.
6:05 of 1st period - Stopped by Mads Sogaard without a rebound.
6:06 of 1st period - Patrick Harper wins face-off versus Joe Thornton in Wolf Pack zone.
6:07 of 1st period - Shot by Kody Clark.
6:07 of 1st period - Shot Hit the Post.
6:13 of 1st period - Luke Witkowski is hit by Paul Bittner and loses puck.
6:26 of 1st period - Shot by Luke Witkowski.
6:26 of 1st period - Stopped by Tyler Parsons without a rebound.
6:27 of 1st period - Cole Bardreau wins face-off versus Aaron Luchuk in Crunch zone.
6:29 of 1st period - Nick Lappin is hit by Austin Strand and loses puck.
6:35 of 1st period - Cole Bardreau is hit by Austin Strand and loses puck.
7:03 of 1st period - Aaron Luchuk is hit by Henri Ikonen.
8:25 of 1st period - Zac Dalpe is hit by Luke Prokop and loses puck.
9:38 of 1st period - Shot by Kody Clark.
9:38 of 1st period - Shot Misses the Net.
9:58 of 1st period - Shot by Aaron Luchuk.
9:58 of 1st period - Shot Misses the Net.
10:00 of 1st period - Shot by Aaron Luchuk.
10:00 of 1st period - Stopped by Mads Sogaard with a rebound.
10:02 of 1st period - Shot by Garnet Hathaway.
10:02 of 1st period - Stopped by Mads Sogaard with a rebound.
10:04 of 1st period - Shot by Garnet Hathaway.
10:04 of 1st period - Shot Misses the Net.
10:12 of 1st period - Shot by Garnet Hathaway.
10:12 of 1st period - Stopped by Mads Sogaard without a rebound.
10:13 of 1st period - Blaine Byron wins face-off versus Cole Bardreau in Wolf Pack zone.
10:19 of 1st period - Icing by Daniel Walcott.
10:20 of 1st period - Cole Bardreau wins face-off versus Thomas Tynan in Wolf Pack zone.
10:20 of 1st period - Cole Bardreau is hit by Nicolas Aube-Kubel.
10:33 of 1st period - Nick Lappin is hit by Jaycob Megna and loses puck.
10:37 of 1st period - Nick Lappin is hit by Austin Strand and loses puck.
10:44 of 1st period - Shot by Nick Lappin.
10:44 of 1st period - Shot Misses the Net.
10:50 of 1st period - Shot by Nicolas Aube-Kubel.
10:50 of 1st period - Shot Blocked by Santerri Saari.
10:56 of 1st period - Shot by Nick Lappin.
10:56 of 1st period - Shot Misses the Net.
11:14 of 1st period - Zac Dalpe is hit by Nicolas Aube-Kubel and loses puck.
11:46 of 1st period - Blaine Byron is hit by Tyler Wotherspoon and loses puck.
12:32 of 1st period - Shot by Paul Bittner.
12:32 of 1st period - Shot Blocked by Tyler Wotherspoon.
12:34 of 1st period - Shot by Luke Prokop.
12:34 of 1st period - Deflect By Patrick Harper.
12:34 of 1st period - Shot Misses the Net.
12:39 of 1st period - Paul Bittner is hit by Matt Donovan and loses puck.
12:52 of 1st period - Shot by Aaron Luchuk.
12:52 of 1st period - Deflect By Garnet Hathaway.
12:52 of 1st period - Stopped by Mads Sogaard with a rebound.
12:54 of 1st period - Shot by Blake McLaughlin.
12:54 of 1st period - Shot Misses the Net.
12:56 of 1st period - Shot by Garnet Hathaway.
12:56 of 1st period - Shot Misses the Net.
13:05 of 1st period - Aaron Luchuk is hit by Matt Donovan and loses puck.
13:08 of 1st period - Shot by Garnet Hathaway.
13:08 of 1st period - Shot Misses the Net.
13:10 of 1st period - Shot by Garnet Hathaway.
13:10 of 1st period - Shot Blocked by Zac Dalpe .
14:33 of 1st period - Shot by Luke Witkowski.
14:33 of 1st period - Stopped by Tyler Parsons without a rebound.
14:34 of 1st period - Cole Bardreau wins face-off versus Patrick Harper in Crunch zone.
14:40 of 1st period - Patrick Harper is hit by Henri Ikonen and loses puck.
14:49 of 1st period - Shot by Cole Bardreau.
14:49 of 1st period - Shot Misses the Net.
14:55 of 1st period - Shot by Nick Lappin.
14:55 of 1st period - Deflect By Henri Ikonen.
14:55 of 1st period - Stopped by Tyler Parsons with a rebound.
15:51 of 1st period - Shot by Shane Bowers.
15:51 of 1st period - Shot Misses the Net.
16:23 of 1st period - Shot by Joe Thornton.
16:23 of 1st period - Shot Blocked by Axel Andersson.
16:25 of 1st period - Shot by Luke Witkowski.
16:25 of 1st period - Shot Misses the Net.
16:27 of 1st period - Shot by Joe Thornton.
16:27 of 1st period - Deflect By Luke Witkowski.
16:27 of 1st period - Shot Misses the Net.
16:29 of 1st period - Shot by Joe Thornton.
16:29 of 1st period - Stopped by Tyler Parsons with a rebound.
16:31 of 1st period - Shot by Joe Thornton.
16:31 of 1st period - Shot Misses the Net.
16:33 of 1st period - Shot by Jeremy Bracco.
16:33 of 1st period - Goal by Jeremy Bracco - Crunch : 0 - Wolf Pack : 2.
16:34 of 1st period - Mike Vecchione wins face-off versus Joe Thornton in neutral zone.
16:43 of 1st period - Shot by Luke Witkowski.
16:43 of 1st period - Shot Misses the Net.
16:56 of 1st period - Blaine Byron is hit by Daniel Walcott.
17:44 of 1st period - Shot by Thomas Tynan.
17:44 of 1st period - Stopped by Mads Sogaard without a rebound.
17:45 of 1st period - Aaron Luchuk wins face-off versus Cole Bardreau in Wolf Pack zone.
17:54 of 1st period - Shot by Garnet Hathaway.
17:54 of 1st period - Shot Misses the Net.
17:57 of 1st period - Icing by Michael Kapla.
17:58 of 1st period - Cole Bardreau wins face-off versus Thomas Tynan in Wolf Pack zone.
18:11 of 1st period - Off-side.
18:12 of 1st period - Aaron Luchuk wins face-off versus Shane Bowers in neutral zone.
18:27 of 1st period - Garnet Hathaway is hit by Emile Poirier and loses puck.
19:07 of 1st period - Icing by Austin Strand.
19:08 of 1st period - Zac Dalpe wins face-off versus Thomas Tynan in Crunch zone.
19:11 of 1st period - Shot by Dave Gust.
19:11 of 1st period - Stopped by Tyler Parsons without a rebound.
19:12 of 1st period - Thomas Tynan wins face-off versus Zac Dalpe in Crunch zone.
19:27 of 1st period - Shot by Zac Dalpe .
19:27 of 1st period - Stopped by Tyler Parsons with a rebound.
19:36 of 1st period - Icing by Daniel Walcott.
19:37 of 1st period - Mike Vecchione wins face-off versus Zac Dalpe in Wolf Pack zone.
Goals for this period are 0 for Crunch vs 2 for Wolf Pack.
Shots for this period are 9 for Crunch vs 12 for Wolf Pack.

2nd period


0:01 of 2nd period - Thomas Tynan wins face-off versus Joe Thornton in neutral zone.
1:05 of 2nd period - Icing by Mike Vecchione.
1:06 of 2nd period - Mike Vecchione wins face-off versus Zac Dalpe in Crunch zone.
1:08 of 2nd period - Icing by Axel Andersson.
1:09 of 2nd period - Mike Vecchione wins face-off versus Zac Dalpe in Crunch zone.
1:09 of 2nd period - Mike Vecchione is hit by Daniel Walcott.
1:24 of 2nd period - Off-side.
1:25 of 2nd period - Cole Bardreau wins face-off versus Patrick Harper in neutral zone.
1:36 of 2nd period - Shot by Nick Lappin.
1:36 of 2nd period - Stopped by Tyler Parsons with a rebound.
1:56 of 2nd period - Shot by Kody Clark.
1:56 of 2nd period - Shot Misses the Net.
1:58 of 2nd period - Shot by Kody Clark.
1:58 of 2nd period - Stopped by Mads Sogaard with a rebound.
2:04 of 2nd period - Shot by Patrick Harper.
2:04 of 2nd period - Shot Blocked by Michael Kapla.
2:21 of 2nd period - Icing by Jaycob Megna.
2:22 of 2nd period - Zac Dalpe wins face-off versus Thomas Tynan in Crunch zone.
2:55 of 2nd period - Shot by Mason Shaw.
2:55 of 2nd period - Stopped by Mads Sogaard without a rebound.
2:56 of 2nd period - Joe Thornton wins face-off versus Mike Vecchione in Wolf Pack zone.
2:58 of 2nd period - Minor Penalty to Jean-Christophe Beaudin for Hooking.
2:59 of 2nd period - Joe Thornton wins face-off versus Thomas Tynan in Crunch zone.
3:10 of 2nd period - Shot by Daniel Walcott.
3:10 of 2nd period - Shot Blocked by Xavier Bouchard.
3:12 of 2nd period - Shot by Santerri Saari.
3:12 of 2nd period - Shot Blocked by Xavier Bouchard.
3:14 of 2nd period - Shot by Santerri Saari.
3:14 of 2nd period - Shot Misses the Net.
3:56 of 2nd period - Shot by Matt Donovan.
3:56 of 2nd period - Stopped by Tyler Parsons without a rebound.
3:57 of 2nd period - Thomas Tynan wins face-off versus Zac Dalpe in Crunch zone.
4:28 of 2nd period - Shot by Dave Gust.
4:28 of 2nd period - Stopped by Tyler Parsons with a rebound.
4:30 of 2nd period - Shot by Tyler Wotherspoon.
4:30 of 2nd period - Stopped by Tyler Parsons with a rebound.
4:32 of 2nd period - Shot by Tyler Wotherspoon.
4:32 of 2nd period - Stopped by Tyler Parsons with a rebound.
4:48 of 2nd period - Shot by Luke Witkowski.
4:48 of 2nd period - Stopped by Tyler Parsons without a rebound.
4:49 of 2nd period - Joe Thornton wins face-off versus Mike Vecchione in Crunch zone.
4:52 of 2nd period - Shot by Daniel Walcott.
4:52 of 2nd period - Stopped by Tyler Parsons with a rebound.
4:54 of 2nd period - Shot by Luke Witkowski.
4:54 of 2nd period - Deflect By Joe Thornton.
4:54 of 2nd period - Shot Misses the Net.
4:56 of 2nd period - Shot by Santerri Saari.
4:56 of 2nd period - Shot Misses the Net.
5:04 of 2nd period - Shot by Henri Ikonen.
5:04 of 2nd period - Deflect By Cole Bardreau.
5:04 of 2nd period - Stopped by Tyler Parsons without a rebound.
5:05 of 2nd period - Mike Vecchione wins face-off versus Cole Bardreau in Crunch zone.
5:10 of 2nd period - Shot by Axel Andersson.
5:10 of 2nd period - Shot Blocked by Kyle Wood.
5:27 of 2nd period - Icing by Kyle Wood.
5:28 of 2nd period - Cole Bardreau wins face-off versus Patrick Harper in Wolf Pack zone.
5:38 of 2nd period - Shot by Cole Bardreau.
5:38 of 2nd period - Shot Blocked by Luke Prokop.
6:25 of 2nd period - Shot by Luke Witkowski.
6:25 of 2nd period - Stopped by Tyler Parsons with a rebound.
6:45 of 2nd period - Shot by Joe Thornton.
6:45 of 2nd period - Deflect By Jeremy Bracco.
6:45 of 2nd period - Shot Misses the Net.
7:03 of 2nd period - Shot by Dave Gust.
7:03 of 2nd period - Shot Misses the Net.
7:05 of 2nd period - Shot by Zac Dalpe .
7:05 of 2nd period - Shot Misses the Net.
7:07 of 2nd period - Shot by Brad Richardson.
7:07 of 2nd period - Shot Misses the Net.
7:11 of 2nd period - Shot by Zac Dalpe .
7:11 of 2nd period - Shot Blocked by Luke Prokop.
8:12 of 2nd period - Mason Shaw is hit by Kyle Wood and loses puck.
9:04 of 2nd period - Shot by Nick Lappin.
9:04 of 2nd period - Stopped by Tyler Parsons without a rebound.
9:05 of 2nd period - Garnet Hathaway wins face-off versus Joe Thornton in Crunch zone.
9:28 of 2nd period - Shot by Luke Witkowski.
9:28 of 2nd period - Stopped by Tyler Parsons without a rebound.
9:29 of 2nd period - Mike Vecchione wins face-off versus Zac Dalpe in Crunch zone.
9:54 of 2nd period - Shot by Zac Dalpe .
9:54 of 2nd period - Shot Misses the Net.
9:58 of 2nd period - Shot by Brad Richardson.
9:58 of 2nd period - Shot Misses the Net.
10:35 of 2nd period - Icing by Zac Dalpe .
10:36 of 2nd period - Zac Dalpe wins face-off versus Aaron Luchuk in Wolf Pack zone.
11:01 of 2nd period - Shot by Garnet Hathaway.
11:01 of 2nd period - Stopped by Mads Sogaard without a rebound.
11:02 of 2nd period - Thomas Tynan wins face-off versus Cole Bardreau in Wolf Pack zone.
11:03 of 2nd period - Shot by Mason Shaw.
11:03 of 2nd period - Shot Blocked by Kyle Wood.
11:36 of 2nd period - Mason Shaw is hit by Kyle Wood and loses puck.
11:48 of 2nd period - Blaine Byron is hit by Kyle Wood and loses puck.
11:55 of 2nd period - Shot by Blaine Byron.
11:55 of 2nd period - Shot Blocked by Michael Kapla.
11:57 of 2nd period - Shot by Luke Prokop.
11:57 of 2nd period - Shot Blocked by Nick Lappin.
11:59 of 2nd period - Shot by Jean-Christophe Beaudin.
11:59 of 2nd period - Goal by Jean-Christophe Beaudin - Crunch : 1 - Wolf Pack : 2.
12:00 of 2nd period - Patrick Harper wins face-off versus Joe Thornton in neutral zone.
12:14 of 2nd period - Shot by Jeremy Bracco.
12:14 of 2nd period - Stopped by Tyler Parsons without a rebound.
12:15 of 2nd period - Mike Vecchione wins face-off versus Shane Bowers in Crunch zone.
12:41 of 2nd period - Shot by Tyler Wotherspoon.
12:41 of 2nd period - Stopped by Tyler Parsons without a rebound.
12:42 of 2nd period - Joe Thornton wins face-off versus Thomas Tynan in Crunch zone.
13:04 of 2nd period - Icing by Daniel Walcott.
13:05 of 2nd period - Mike Vecchione wins face-off versus Joe Thornton in Wolf Pack zone.
13:12 of 2nd period - Shot by Mike Vecchione.
13:12 of 2nd period - Goal by Mike Vecchione - Crunch : 2 - Wolf Pack : 2.
13:13 of 2nd period - Mike Vecchione wins face-off versus Zac Dalpe in neutral zone.
13:13 of 2nd period - Jean-Christophe Beaudin is hit by Zac Dalpe and loses puck.
13:26 of 2nd period - Shot by Brad Richardson.
13:26 of 2nd period - Stopped by Tyler Parsons without a rebound.
13:27 of 2nd period - Thomas Tynan wins face-off versus Cole Bardreau in Crunch zone.
13:27 of 2nd period - Thomas Tynan is hit by Cole Bardreau.
13:48 of 2nd period - Shot by Nicolas Aube-Kubel.
13:48 of 2nd period - Deflect By Mason Shaw.
13:48 of 2nd period - Shot Misses the Net.
13:51 of 2nd period - Icing by Santerri Saari.
13:52 of 2nd period - Mike Vecchione wins face-off versus Cole Bardreau in Wolf Pack zone.
14:14 of 2nd period - Shot by Mike Vecchione.
14:14 of 2nd period - Deflect By Jean-Christophe Beaudin.
14:14 of 2nd period - Stopped by Mads Sogaard without a rebound.
14:15 of 2nd period - Thomas Tynan wins face-off versus Zac Dalpe in Wolf Pack zone.
14:20 of 2nd period - Shot by Thomas Tynan.
14:20 of 2nd period - Shot Misses the Net.
14:55 of 2nd period - Shot by Austin Strand.
14:55 of 2nd period - Shot Misses the Net.
15:22 of 2nd period - Shot by Michael Kapla.
15:22 of 2nd period - Stopped by Tyler Parsons without a rebound.
15:23 of 2nd period - Shane Bowers wins face-off versus Mike Vecchione in Crunch zone.
15:23 of 2nd period - Shane Bowers is hit by Xavier Bouchard.
15:40 of 2nd period - Santerri Saari is hit by Mike Vecchione and loses puck.
15:49 of 2nd period - Shot by Blaine Byron.
15:49 of 2nd period - Shot Misses the Net.
15:51 of 2nd period - Shot by Blaine Byron.
15:51 of 2nd period - Shot Misses the Net.
16:07 of 2nd period - Santerri Saari is hit by Jean-Christophe Beaudin and loses puck.
16:17 of 2nd period - Off-side.
16:18 of 2nd period - Patrick Harper wins face-off versus Joe Thornton in neutral zone.
16:23 of 2nd period - Icing by Jeremy Bracco.
16:24 of 2nd period - Joe Thornton wins face-off versus Patrick Harper in Wolf Pack zone.
16:24 of 2nd period - Joe Thornton is hit by Kody Clark.
16:48 of 2nd period - Icing by Kody Clark.
16:49 of 2nd period - Patrick Harper wins face-off versus Zac Dalpe in Crunch zone.
16:56 of 2nd period - Icing by Kody Clark.
16:57 of 2nd period - Zac Dalpe wins face-off versus Patrick Harper in Crunch zone.
16:57 of 2nd period - Zac Dalpe is hit by Luke Prokop.
17:03 of 2nd period - Shot by Zac Dalpe .
17:03 of 2nd period - Shot Hit the Post.
17:29 of 2nd period - Off-side.
17:30 of 2nd period - Thomas Tynan wins face-off versus Joe Thornton in neutral zone.
17:37 of 2nd period - Shot by Mason Shaw.
17:37 of 2nd period - Stopped by Mads Sogaard without a rebound.
17:38 of 2nd period - Thomas Tynan wins face-off versus Joe Thornton in Wolf Pack zone.
17:49 of 2nd period - Shot by Mason Shaw.
17:49 of 2nd period - Stopped by Mads Sogaard without a rebound.
17:50 of 2nd period - Mike Vecchione wins face-off versus Zac Dalpe in Wolf Pack zone.
18:01 of 2nd period - Shot by Jean-Christophe Beaudin.
18:01 of 2nd period - Shot Misses the Net.
18:09 of 2nd period - Shot by Blaine Byron.
18:09 of 2nd period - Shot Misses the Net.
18:11 of 2nd period - Shot by Axel Andersson.
18:11 of 2nd period - Goal by Axel Andersson - Crunch : 3 - Wolf Pack : 2.
18:12 of 2nd period - Joe Thornton wins face-off versus Thomas Tynan in neutral zone.
18:19 of 2nd period - Shot by Jeremy Bracco.
18:19 of 2nd period - Goal by Jeremy Bracco - Crunch : 3 - Wolf Pack : 3.
18:20 of 2nd period - Thomas Tynan wins face-off versus Joe Thornton in neutral zone.
18:51 of 2nd period - Shot by Thomas Tynan.
18:51 of 2nd period - Shot Misses the Net.
18:53 of 2nd period - Shot by Thomas Tynan.
18:53 of 2nd period - Stopped by Mads Sogaard with a rebound.
18:55 of 2nd period - Shot by Mason Shaw.
18:55 of 2nd period - Shot Blocked by Tyler Wotherspoon.
19:25 of 2nd period - Shot by Mike Vecchione.
19:25 of 2nd period - Shot Misses the Net.
19:27 of 2nd period - Shot by Axel Andersson.
19:27 of 2nd period - Shot Misses the Net.
19:29 of 2nd period - Shot by Mike Vecchione.
19:29 of 2nd period - Stopped by Mads Sogaard with a rebound.
19:31 of 2nd period - Shot by Mike Vecchione.
19:31 of 2nd period - Stopped by Mads Sogaard without a rebound.
19:32 of 2nd period - Zac Dalpe wins face-off versus Blake McLaughlin in Wolf Pack zone.
19:51 of 2nd period - Zac Dalpe is hit by Luke Prokop and loses puck.
Goals for this period are 3 for Crunch vs 1 for Wolf Pack.
Shots for this period are 12 for Crunch vs 16 for Wolf Pack.

3rd period


0:01 of 3rd period - Zac Dalpe wins face-off versus Thomas Tynan in neutral zone.
0:25 of 3rd period - Shot by Brad Richardson.
0:25 of 3rd period - Stopped by Tyler Parsons without a rebound.
0:26 of 3rd period - Joe Thornton wins face-off versus Mike Vecchione in Crunch zone.
0:27 of 3rd period - Shot by Jeremy Bracco.
0:27 of 3rd period - Stopped by Tyler Parsons without a rebound.
0:28 of 3rd period - Joe Thornton wins face-off versus Mike Vecchione in Crunch zone.
0:41 of 3rd period - Shot by Luke Witkowski.
0:41 of 3rd period - Shot Misses the Net.
0:43 of 3rd period - Shot by Joe Thornton.
0:43 of 3rd period - Shot Blocked by Xavier Bouchard.
1:24 of 3rd period - Mike Vecchione is hit by Brad Richardson and loses puck.
2:33 of 3rd period - Minor Penalty to Cole Bardreau for Tripping.
2:34 of 3rd period - Shane Bowers wins face-off versus Thomas Tynan in Wolf Pack zone.
2:51 of 3rd period - Shot by Nicolas Aube-Kubel.
2:51 of 3rd period - Shot Misses the Net.
2:53 of 3rd period - Shot by Nicolas Aube-Kubel.
2:53 of 3rd period - Deflect By Thomas Tynan.
2:53 of 3rd period - Shot Misses the Net.
3:20 of 3rd period - Blaine Byron is hit by Kyle Wood and loses puck.
4:50 of 3rd period - Shot by Blake McLaughlin.
4:50 of 3rd period - Shot Misses the Net.
4:56 of 3rd period - Shot by Aaron Luchuk.
4:56 of 3rd period - Stopped by Mads Sogaard without a rebound.
4:57 of 3rd period - Luke Witkowski wins face-off versus Patrick Harper in Wolf Pack zone.
5:15 of 3rd period - Kody Clark is hit by Kyle Wood and loses puck.
5:41 of 3rd period - Nicolas Aube-Kubel is hit by Kyle Wood.
5:55 of 3rd period - Shot by Nicolas Aube-Kubel.
5:55 of 3rd period - Shot Misses the Net.
5:59 of 3rd period - Shot by Thomas Tynan.
5:59 of 3rd period - Shot Blocked by Michael Kapla.
6:08 of 3rd period - Off-side.
6:09 of 3rd period - Mike Vecchione wins face-off versus Zac Dalpe in neutral zone.
6:14 of 3rd period - Shot by Jean-Christophe Beaudin.
6:14 of 3rd period - Stopped by Mads Sogaard without a rebound.
6:15 of 3rd period - Zac Dalpe wins face-off versus Mike Vecchione in Wolf Pack zone.
6:32 of 3rd period - Jaycob Megna is hit by Brad Richardson and loses puck.
6:37 of 3rd period - Shot by Dave Gust.
6:37 of 3rd period - Shot Misses the Net.
6:39 of 3rd period - Shot by Matt Donovan.
6:39 of 3rd period - Stopped by Tyler Parsons without a rebound.
6:40 of 3rd period - Patrick Harper wins face-off versus Cole Bardreau in Crunch zone.
6:40 of 3rd period - Patrick Harper is hit by Henri Ikonen.
7:19 of 3rd period - Shot by Cole Bardreau.
7:19 of 3rd period - Stopped by Tyler Parsons with a rebound.
7:47 of 3rd period - Shot by Dave Gust.
7:47 of 3rd period - Shot Misses the Net.
8:31 of 3rd period - Shot by Shane Bowers.
8:31 of 3rd period - Stopped by Tyler Parsons without a rebound.
8:32 of 3rd period - Joe Thornton wins face-off versus Mike Vecchione in Crunch zone.
9:15 of 3rd period - Icing by Blaine Byron.
9:16 of 3rd period - Mike Vecchione wins face-off versus Henri Ikonen in Crunch zone.
9:16 of 3rd period - Mike Vecchione is hit by Cole Bardreau.
9:19 of 3rd period - Minor Penalty to Cole Bardreau for Holding.
9:20 of 3rd period - Zac Dalpe wins face-off versus Thomas Tynan in Wolf Pack zone.
9:39 of 3rd period - Shot by Axel Andersson.
9:39 of 3rd period - Stopped by Mads Sogaard without a rebound.
9:40 of 3rd period - Thomas Tynan wins face-off versus Zac Dalpe in Wolf Pack zone.
9:49 of 3rd period - Shot by Austin Strand.
9:49 of 3rd period - Shot Misses the Net.
10:02 of 3rd period - Shot by Austin Strand.
10:02 of 3rd period - Stopped by Mads Sogaard without a rebound.
10:03 of 3rd period - Dave Gust wins face-off versus Mike Vecchione in Wolf Pack zone.
10:03 of 3rd period - Dave Gust is hit by Jean-Christophe Beaudin.
10:21 of 3rd period - Shot by Mike Vecchione.
10:21 of 3rd period - Stopped by Mads Sogaard with a rebound.
10:28 of 3rd period - Off-side.
10:29 of 3rd period - Thomas Tynan wins face-off versus Luke Witkowski in neutral zone.
10:58 of 3rd period - Shot by Austin Strand.
10:58 of 3rd period - Shot Misses the Net.
11:00 of 3rd period - Shot by Nicolas Aube-Kubel.
11:00 of 3rd period - Stopped by Mads Sogaard without a rebound.
11:01 of 3rd period - Mike Vecchione wins face-off versus Brad Richardson in Wolf Pack zone.
11:30 of 3rd period - Shot by Nick Lappin.
11:30 of 3rd period - Shot Misses the Net.
11:45 of 3rd period - Blake McLaughlin is hit by Kyle Wood and loses puck.
12:19 of 3rd period - Matt Donovan is hit by Garnet Hathaway and loses puck.
12:38 of 3rd period - Shot by Luke Witkowski.
12:38 of 3rd period - Stopped by Tyler Parsons without a rebound.
12:39 of 3rd period - Zac Dalpe wins face-off versus Thomas Tynan in Crunch zone.
12:46 of 3rd period - Shot by Brad Richardson.
12:46 of 3rd period - Stopped by Tyler Parsons with a rebound.
12:58 of 3rd period - Shot by Mason Shaw.
12:58 of 3rd period - Stopped by Mads Sogaard without a rebound.
12:59 of 3rd period - Mike Vecchione wins face-off versus Shane Bowers in Wolf Pack zone.
13:06 of 3rd period - Shot by Jean-Christophe Beaudin.
13:06 of 3rd period - Shot Misses the Net.
13:09 of 3rd period - Icing by Matt Donovan.
13:10 of 3rd period - Shane Bowers wins face-off versus Thomas Tynan in Wolf Pack zone.
13:34 of 3rd period - Shot by Ty Ronning.
13:34 of 3rd period - Shot Blocked by Jaycob Megna.
14:21 of 3rd period - Brad Richardson is hit by Blaine Byron and loses puck.
14:41 of 3rd period - Icing by Axel Andersson.
14:42 of 3rd period - Joe Thornton wins face-off versus Mike Vecchione in Crunch zone.
14:51 of 3rd period - Axel Andersson is hit by Luke Witkowski and loses puck.
14:55 of 3rd period - Off-side.
14:56 of 3rd period - Cole Bardreau wins face-off versus Patrick Harper in neutral zone.
14:59 of 3rd period - Shot by Daniel Walcott.
14:59 of 3rd period - Stopped by Tyler Parsons without a rebound.
15:00 of 3rd period - Thomas Tynan wins face-off versus Zac Dalpe in Crunch zone.
15:00 of 3rd period - Thomas Tynan is hit by Brad Richardson.
15:16 of 3rd period - Shot by Mason Shaw.
15:16 of 3rd period - Goal by Mason Shaw - Crunch : 4 - Wolf Pack : 3.
15:17 of 3rd period - Joe Thornton wins face-off versus Patrick Harper in neutral zone.
15:17 of 3rd period - Joe Thornton is hit by Paul Bittner.
15:18 of 3rd period - Minor Penalty to Paul Bittner for Hooking.
15:19 of 3rd period - Thomas Tynan wins face-off versus Zac Dalpe in Crunch zone.
17:35 of 3rd period - Shot by Kody Clark.
17:35 of 3rd period - Deflect By Patrick Harper.
17:35 of 3rd period - Stopped by Mads Sogaard without a rebound.
17:36 of 3rd period - Emile Poirier wins face-off versus Mike Vecchione in Wolf Pack zone.
17:43 of 3rd period - Shot by Ty Ronning.
17:43 of 3rd period - Stopped by Tyler Parsons without a rebound.
17:44 of 3rd period - Cole Bardreau wins face-off versus Mike Vecchione in Crunch zone.
17:45 of 3rd period - Shot by Nick Lappin.
17:45 of 3rd period - Stopped by Tyler Parsons without a rebound.
17:46 of 3rd period - Henri Ikonen wins face-off versus Blaine Byron in Crunch zone.
18:02 of 3rd period - Shot by Jaycob Megna.
18:02 of 3rd period - Shot Misses the Net.
18:08 of 3rd period - Shot by Blaine Byron.
18:08 of 3rd period - Stopped by Mads Sogaard without a rebound.
18:09 of 3rd period - Zac Dalpe wins face-off versus Patrick Harper in Wolf Pack zone.
18:09 of 3rd period - Zac Dalpe is hit by Paul Bittner.
18:23 of 3rd period - Shot by Patrick Harper.
18:23 of 3rd period - Shot Misses the Net.
18:43 of 3rd period - Luke Prokop is hit by Zac Dalpe and loses puck.
18:47 of 3rd period - Minor Penalty to Luke Prokop for Slashing.
18:48 of 3rd period - Thomas Tynan wins face-off versus Joe Thornton in Crunch zone.
19:01 of 3rd period - Wolf Pack, Mads Sogaard is pulled from the net.
19:01 of 3rd period - Shot by Luke Witkowski.
19:01 of 3rd period - Shot Misses the Net.
Goals for this period are 1 for Crunch vs 0 for Wolf Pack.
Shots for this period are 10 for Crunch vs 10 for Wolf Pack.